 Dungeon Crawl Stone Soup version 0.29-a0-72-g1732ff48e7 (webtiles) character file.

Game seed: 2609164567512624724

65 timneilson the Covered (level 4, -9/28 HPs)
             Began as a Gargoyle Fighter on Feb 3, 2022.
             Killed by divine providence
             ... invoked by an orc priest
              (13 damage)
             ... on level 3 of the Dungeon.
             The game lasted 00:02:13 (1905 turns).

timneilson the Covered (Gargoyle Fighter)           Turns: 1905, Time: 00:02:14

Health: -9/28      AC: 11    Str: 21    XL:     4   Next: 13%
Magic:  4/4        EV:  9    Int:  9    God:
Gold:   34         SH:  4    Dex:  9    Spells: 3/3 levels left

rFire   . . .      SeeInvis .   a - +0 long sword
rCold   . . .      Faith    .   c - +0 buckler
rNeg    + . .      Spirit   .   b - +0 scale mail
rPois   ∞          Reflect  .   (no helmet)
rElec   +          Harm     .   (no cloak)
rCorr   .          Rampage  .   g - +0 pair of gloves
Will    .....                   (no boots)
Stlth   ..........              (no amulet)
HPRegen 0.09/turn               (no ring)
MPRegen 0.09/turn               (no ring)

@: no status effects
A: sickness immunity, AC +3, negative energy resistance 1, electricity
resistance, torment resistance 1, petrification resistance
a: no special abilities


You were on level 3 of the Dungeon.
You visited 1 branch of the dungeon, and saw 3 of its levels.

You collected 34 gold pieces.

Inventory:

Hand Weapons
 a - a +0 long sword (weapon)
Armour
 b - a +0 scale mail (worn)
 c - a +0 buckler (worn)
 g - a +0 pair of gloves (worn)
 h - a +0 plate armour
Scrolls
 i - a scroll of magic mapping
 l - a scroll of teleportation
Potions
 d - a potion of might
 e - a potion of flight
 j - a potion of lignification
 k - a potion of heal wounds
 m - a potion of attraction {unknown}


   Skills:
 + Level 3.5 Fighting
 * Level 2.4 Long Blades
 * Level 4.0 Armour
 + Level 0.7 Dodging
 * Level 3.8 Shields


You had 3 spell levels left.
You didn't know any spells.
Your spell library contained the following spells:

 Spells                   Type           Power      Damage    Failure   Level
 Animate Skeleton         Necr           0%         N/A       80%         1
 Apportation              Tloc           0%         N/A       80%         1
 Pain                     Necr           0%         1d4       80%         1
 Vampiric Draining        Necr           0%         2d6       99%         3
 Petrify                  Tmut/Erth      0%         N/A       100%        4
 Alistair's Intoxication  Tmut/Pois      0%         N/A       100%        5
 Irradiate                Conj/Tmut      0%         3d13      100%        5
 Sublimation of Blood     Necr           Unusable   N/A       N/A         2

Dungeon Overview and Level Annotations

Branches:
Dungeon (3/15)

Altars:


Innate Abilities, Weirdness & Mutations

You are immune to sickness and miasma.
Your stone body is resilient. (AC +3)
You are immune to poison.
You resist negative energy. (rN+)
You are resistant to electric shocks. (rElec)
You are resistant to unholy torment.
You are immune to petrification.


Message History

No target in view!
No target in view!
No target in view!
No target in view!
No target in view!
No target in view!
No target in view!
No target in view!
No target in view!
You see here a +0 dagger.
You open the door.
There is an open door here.
A goblin comes into view. It is wielding a +0 club.
The goblin moves out of view.
A goblin is nearby!
The goblin hits you but does no damage.
You hit the goblin.
The goblin is severely wounded.
The goblin hits you with a +0 club.
You hit the goblin.
You kill the goblin!
Things that are here:
a +0 club; a goblin corpse 3 orc priests and 3 orcs come into view.
The orc priest shouts!
The orc shouts!
The orc priest shouts! x2
The orc shouts!
The orc priest calls down the wrath of Beogh upon you.
Beogh smites you!
Ouch! That really hurt!
The orc priest looks braver for a moment.
You hit the orc but do no damage. The orc completely misses you.
There is an open door here.
The orc jeers loudly.
The orc priest invokes the aid of Beogh against you.
Beogh smites you!
* * * LOW HITPOINT WARNING * * *
You see here a +0 dagger.
The orc priest mumbles some strange prayers to Beogh against you.
Beogh smites you!
You die...

###.# ##.# ....##
################.#
.....##
##..............#.#
......#
##.............†.'.#
......##
##................###
.......##
#....##############
.<......# #...##
b........
#....##############
......#..
##...@o)oo...o....###
......#
##........o......'.#
........
##....).........#.#
.)....#..
################.##
......# # ...#...o.
....... ..........
...####### .. ...o.
..o..


You could see an orc priest and 3 orcs.

Vanquished Creatures
  2 adders
  A worm (D:2)
  An orc (D:2)
  2 endoplasms
  2 giant cockroaches (D:1)
  4 hobgoblins (D:1)
  A jackal (D:1)
  7 kobolds
  8 ball pythons
  5 bats (D:1)
  A frilled lizard (D:1)
  5 goblins
  3 rats
42 creatures vanquished.

Vanquished Creatures (others)
  A plant (D:3)
1 creature vanquished.

Grand Total: 43 creatures vanquished

Notes
Turn   | Place    | Note
-------+----------+-------------------------------------------
     0 | D:1      | timneilson the Gargoyle Fighter began the quest for the
                  | Orb.
     0 | D:1      | Reached XP level 1. HP: 14/14 MP: 1/1
   262 | D:1      | Reached XP level 2. HP: 19/19 MP: 2/2
   792 | D:1      | Reached XP level 3. HP: 15/23 MP: 3/3
  1216 | D:2      | Found a faded altar of an unknown god.
  1772 | D:3      | Reached XP level 4. HP: 22/28 MP: 4/4
  1860 | D:3      | Reached skill level 4 in Armour
  1905 | D:3      | Killed from afar by an orc priest

Illustrated notes

Levels and vault maps discovered:
D:1:      minmay_arrival_widening_spiral_wide, layout_loops_ring, minmay_tripent
D:2:      layout_rooms, hellmonk_ecumenical_altar_arch_garden
D:3:      cheibrodos_pilgrimage, layout_rooms, tso_oasis_becter, nrook_uturn,
          kennysheep_generic_room_11

Skill      XL: |  1  2  3  4 |
---------------+-------------+-----
Long Blades    | 2 |  2.4
Armour         | 4 |  4.0
Fighting       | |  3.5
Dodging        | |  0.7
Shields        | |  3.8

Action                   |  1- 3 |  4- 6 || total
-------------------------+-------+-------++-------
Melee: Long sword        |   116 |     4 ||   120
  Use: Scroll            |     5 |       ||     5
Armor: Scale mail        |    66 |     1 ||    67
Dodge: Dodged            |    58 |     1 ||    59
Block: Buckler           |    27 |       ||    27

Table legend: (Time is in decaauts)
 A = Elapsed time spent in this place.
 B = Non-inter-level travel time spent in this place.
 C = Inter-level travel time spent in this place.
 D = Time resting spent in this place.
 E = Time spent auto-exploring this place.
 F = Levels seen in this place.
 G = Mean time per level.
                   A        B        C        D        E       F      G
               +--------+--------+--------+--------+--------+-----+--------+
         Total |   1945 |   1867 |     78 |      0 |   1500 |   3 |  648.3 |
       Dungeon |   1945 |   1867 |     78 |      0 |   1500 |   3 |  648.3 |
               +--------+--------+--------+--------+--------+-----+--------+

Top non-repeatable levels by time:
     D:1: 1232 daAuts
     D:2: 526 daAuts
     D:3: 186 daAuts
